 Dungeon Crawl Stone Soup version 0.27.0-1-g7a089689b8 (webtiles) character file.

Game seed: 17051867009215257216

695 freelancePsychic the Magician (level 7, 0/75 HPs)
             Began as a Djinni Fighter on Aug 5, 2021.
             Slain by an ice beast (2 damage)
             ... on level 5 of the Dungeon.
             The game lasted 00:09:22 (6713 turns).

freelancePsychic the Magician (Djinni Fighter)      Turns: 6713, Time: 00:09:22

Health: 0/75       AC: 27    Str: 15    XL:     7   Next: 96%
Gold:   195        EV:  2    Int: 11    God:
                   SH:  0    Dex: 13

rFire    . . .     SeeInvis .   d - +5 hunting sling of the Glimmering Madman {freeze, rCorr}
rCold    . . .     Faith    .   (no shield)
rNeg     + + +     Spirit   .   (armour currently unavailable)
rPois    ∞         Reflect  .   (helmet currently unavailable)
rElec    .         Harm     .   (cloak currently unavailable)
rCorr    +         Rampage  .   (gloves currently unavailable)
Will     .....     Clarity  +   (boots unavailable) Stlth +.........NoTele +
                                (no amulet)
HPRegen  0.22/turn              c - +4 ring of protection
MPRegen  0.00/turn              e - ring of positive energy

@: tree-form
A: stationary, stasis, torment immunity, boosted hp, sickness immunity, (fire
resistance 2), (cold vulnerability 1), float, innate caster, hp casting, extra
vitality 1, clarity, (shaggy fur 1)
a: no special abilities


You were on level 5 of the Dungeon.
You were a tree.
You visited 1 branch of the dungeon, and saw 5 of its levels.
You also visited: Ossuary.

You collected 195 gold pieces.

Inventory:

Hand Weapons
 a - a +1 rapier
 d - the +5 hunting sling of the Glimmering Madman (weapon) {freeze, rCorr}
   (You took it off a goblin on level 4 of the Dungeon)

   Any ammunition fired from it freezes those it strikes, dealing additional
   cold damage.
   It can also slow down cold-blooded creatures.
   rCorr:     It protects you from acid and corrosion.
Missiles
 g - 71 stones (quivered ammo)
Armour
 b - a +0 scale mail
 f - a +0 leather armour
 l - a +1 leather armour of fire resistance (melded)
Jewellery
 c - a +4 ring of protection (left branch)
 e - a ring of positive energy (right branch)
Wands
 h - a wand of iceblast (3)
Potions
 j - 3 potions of lignification


   Skills:
 - Level 3.0 Fighting
 - Level 2.4 Short Blades
 - Level 3.0 Armour
 - Level 3.0 Shields
 + Level 5.9 Spellcasting


You had 12 spell levels left.
You knew the following spells:

 Your Spells              Type           Power      Damage    Failure   Level
a - Shock                 Conj/Air       64%        1d7       1%          1
b - Slow                  Hex            16%        N/A       2%          2
c - Call Imp              Summ           16%        N/A       2%          2
Your spell library was empty.

Dungeon Overview and Level Annotations

Branches:
Dungeon (5/15)            Ossuary (visited)
 Temple: D:4-7

Altars:
Wu Jian
Yredelemnul

Shops:
D:3 (


Innate Abilities, Weirdness & Mutations

You are a tree.
Your roots penetrate the ground, keeping you stationary.
You cannot be teleported.
You are immune to unholy pain and torment.
Your maximum health is greatly increased.
Your equipment is partially melded.
You are immune to sickness and miasma.
You are immune to poison.
((Your flesh is very heat resistant. (rF++)))
((You are vulnerable to cold. (rC-)))
You float through the air rather than walking.
You learn spells naturally, not from books.
Your magical power is your life essence.
You have superior vitality. (+4 HP)
You possess an exceptional clarity of mind.
((You are covered in fur. (AC +1)))


Message History

An orc comes into view. It is wielding a +0 whip.
The howler monkey completely misses you.
The ice beast hits you but does no damage.
As you read the scroll labelled WEUSEOCZUI, it crumbles to dust.
You feel a strange sense of stasis.
It was a scroll of teleportation.
The orc shouts!
The gnoll sergeant hits you but does no damage.
The howler monkey hits you but does no damage.
The ice beast hits you but does no damage.
Okay, then.
Casting: Shock (safe; 1% risk of failure)
Confirm with . or Enter, or press ? or * to list all spells.
Okay, then.
Casting: Shock (safe; 1% risk of failure)
Confirm with . or Enter, or press ? or * to list all spells.
A beastly little devil appears in a puff of flame.
* * * LOW HITPOINT WARNING * * *
The gnoll sergeant barely misses you.
The howler monkey hits you but does no damage.
The ice beast hits you but does no damage.
Casting: Call Imp (safe; 2% risk of failure)
Confirm with . or Enter, or press ? or * to list all spells.
A metallic apparition takes form in the air.
* * * LOW HITPOINT WARNING * * *
The howler monkey hits you but does no damage.
The gnoll sergeant hits you but does no damage.
The ice beast hits you but does no damage.
Your crimson imp barely misses the ice beast.
Fire: 72 stones
Press: ? - help, Q - select action, (/) - cycle Shift-Dir - straight line, f/p - ice beast
Aim: an ice beast (lightly wounded, ally target, 64% to hit)
You shoot a stone. The stone barely misses the ice beast.
The stone hits the gnoll sergeant.
The stone freezes the gnoll sergeant.
The gnoll sergeant is moderately wounded.
The howler monkey hits you but does no damage.
The gnoll sergeant hits you from afar with a +1 vampiric spear.
* * * LOW HITPOINT WARNING * * *
The ice beast hits you.
You die...

#.......... #. #.......... #.....
# #......... +..... #. ##
#........ #.... .g#
#.#######.....# #..# #.. #
#......##.....#######..##..# #
...#......)................##....
.....<...........h.........######
................♣Yg............##
..............5...5........###...
...##.....##...............# #...
... ########.....##o.......# #...
.. #.....##........# #.♣. .
.................# #.♣. .
.................## #.♣.
.##..............# ..♣.
#................ ....


You could see an ice beast (ally target), a gnoll sergeant, a howler monkey, an
orc, a friendly iron imp (summoned) and a friendly crimson imp (summoned).

Vanquished Creatures
  A bullfrog (D:4)
  A howler monkey (D:4)
  A bullfrog zombie (Ossuary)
  2 centaur zombies (Ossuary)
  2 orc priests (D:4)
  2 jellies (D:4)
  A hound (D:4)
  An iguana (D:4)
  2 orc wizards (D:4)
  A mummy (D:4)
  A howler monkey zombie (Ossuary)
  A howler monkey skeleton (D:5)
  8 gnolls
  8 adders
  An adder skeleton (D:4)
  2 worms
  5 orcs
  6 endoplasms
  7 giant cockroaches
  5 goblins
  14 hobgoblins
  3 jackals (D:4)
  2 quokkas
  5 ball pythons
  6 bats
  A frilled lizard (D:3)
  3 kobolds
  4 rats
96 creatures vanquished.

Vanquished Creatures (others)
  4 withered plants (Ossuary)
4 creatures vanquished.

Grand Total: 100 creatures vanquished

Notes
Turn   | Place    | Note
-------+----------+-------------------------------------------
     0 | D:1      | freelancePsychic the Djinni Fighter began the quest for the
                  | Orb.
     0 | D:1      | Reached XP level 1. HP: 20/20 MP: 0/0
   276 | D:1      | Reached XP level 2. HP: 25/25 MP: 0/0
   346 | D:1      | Reached skill level 1 in Spellcasting
   497 | D:1      | Reached XP level 3. HP: 27/30 MP: 0/0
   497 | D:1      | Learned a level 1 spell: Shock
  1027 | D:1      | Found a faded altar of an unknown god.
  1846 | D:2      | Found an ornate altar of the Wu Jian Council.
  2002 | D:2      | Reached skill level 2 in Spellcasting
  2002 | D:2      | Reached XP level 4. HP: 29/35 MP: 0/0
  2576 | D:3      | Found Korch's Antique Weapon Boutique.
  3304 | D:3      | Reached XP level 5. HP: 32/40 MP: 0/0
  3304 | D:3      | Learned a level 2 spell: Slow
  3438 | D:3      | Found a basalt altar of Yredelemnul.
  3608 | D:3      | Reached skill level 3 in Spellcasting
  4087 | D:4      | Reached XP level 6. HP: 23/46 MP: 0/0
  4101 | D:4      | Found a sand-covered staircase.
  4110 | Ossuary  | Entered an ossuary
  4248 | Ossuary  | Reached skill level 4 in Spellcasting
  4345 | D:4      | HP: 1/46 [howler monkey (6)]
  4666 | D:3      | Reached XP level 7. HP: 24/50 MP: 0/0
  4666 | D:3      | Learned a level 2 spell: Call Imp
  5137 | D:4      | Reached skill level 5 in Spellcasting
  5359 | D:4      | Identified the +5 hunting sling of the Glimmering Madman
                  | {freeze, rCorr}
  6190 | D:5      | Entered Level 5 of the Dungeon
  6709 | D:5      | Gained mutation: You possess an exceptional clarity of
                  | mind. [potion of mutation]
  6709 | D:5      | Gained mutation: You are covered in fur. (AC +1) [potion of
                  | mutation]
  6713 | D:5      | HP: 2/75 [gnoll sergeant (6)]
  6713 | D:5      | Slain by an ice beast

Illustrated notes

Levels and vault maps discovered:
D:1:      evilmike_arrival_fibonacci_small, layout_loops_ring,
          ebering_ecumenical_altar_ruins, corexii_corridor_pit,
          wad_floor_pattern_2
D:2:      layout_loops_cross, basic_altar
D:3:      layout_loops_corners, mainiacjoe_overflow_paths, serial_shops, shop,
          kennysheep_boxes
D:4:      layout_basic, enter_ossuary_3
D:5:      layout_gridville, mainiacjoe_overflow_boulevard, minmay_manual_mail

Skill      XL: |  1  2  3  4  5  6  7 |
---------------+----------------------+-----
Short Blades   | 2 |  2.4
Spellcasting   | 1 2 3 4 5 |  5.9
Fighting       | |  3.0
Armour         | |  3.0
Shields        | |  3.0

Action                   |  1- 3 |  4- 6 |  7- 9 || total
-------------------------+-------+-------+-------++-------
Melee: Rapier            |    70 |    36 |     4 ||   110
 Fire: Hunting sling     |       |       |    63 ||    63
 Cast: Shock             |    42 |   137 |    35 ||   214
       Call Imp          |       |       |     2 ||     2
  Use: Scroll            |     1 |     2 |     4 ||     7
       Potion            |       |     2 |     4 ||     6
 Stab: Sleeping          |       |       |     1 ||     1
Armor: Scale mail        |    43 |       |       ||    43
       Leather armour    |     8 |    54 |    30 ||    92
       Skin              |       |       |    13 ||    13
Dodge: Dodged            |    50 |    87 |    39 ||   176
Block: Kite shield       |     5 |       |       ||     5
